 Dungeon Crawl Stone Soup version 0.23-a0-642-g3120c2f5a9 (webtiles) character file.

1896 HereIgoKillingAgain the Grappler (level 8, 0/63 HPs)
             Began as a Red Draconian Transmuter on Dec 31, 2018.
             Was a Follower of Qazlal.
             Slain by a wight
             ... wielding a +0 battleaxe
              (4 damage)
             ... on level 6 of the Dungeon.
             The game lasted 00:08:41 (7510 turns).

HereIgoKillingAgain the Grappler (DrTm)             Turns: 7510, Time: 00:08:41

Health: 0/63       AC:  8    Str: 14    XL:     8   Next: 93%
Magic:  11/11      EV: 15    Int: 11    God:    Qazlal [*.....]
Gold:   279        SH:  1    Dex: 19    Spells: 3/11 levels left

rFire    + + .     SeeInvis .   h - +8 quarterstaff "Piegiritt" {freeze, rF+ MR+ Int-4 Dex+8}
rCold    . . .     Gourm    .   (shield currently unavailable)
rNeg     . . .     Faith    .   (armour unavailable)
rPois    .         Spirit   .   (helmet restricted)
rElec    .         Reflect  .   g - +0 cloak
rCorr    .         Harm     .   s - +0 pair of gloves
MR       +....                  (no boots)
Stlth    ++........             (no amulet)
HPRegen  0.20/turn              i - +2 ring of evasion
MPRegen  0.12/turn              (no ring)

@: drained
A: breathe fire, unfitting armour, fire resistance 1, cold-blooded, AC +6
a: Breathe Fire, Renounce Religion


You were on level 6 of the Dungeon.
You worshipped Qazlal.
Qazlal was aware of your devotion.
You were not hungry.

You visited 1 branch of the dungeon, and saw 6 of its levels.

You collected 279 gold pieces.

Inventory:

Hand Weapons
 h - the +8 quarterstaff "Piegiritt" (weapon) {freeze, rF+ MR+ Int-4 Dex+8}
   (You found it on level 4 of the Dungeon)

   It has been specially enchanted to freeze those struck by it, causing extra
   injury to most foes and up to half again as much damage against particularly
   susceptible opponents.
   It can also slow down cold-blooded creatures.
   It affects your intelligence (-4).
   It affects your dexterity (+8).
   It protects you from fire.
   It affects your resistance to hostile enchantments.
Missiles
 a - 21 arrows
Armour
 g - a +0 cloak (worn)
 s - a +0 pair of gloves (worn)
Jewellery
 i - a +2 ring of evasion (left hand)
 q - a cursed amulet of inaccuracy {unknown}
 u - an uncursed amulet of regeneration {unknown}
 z - an uncursed amulet of harm {unknown}
 B - an uncursed amulet of guardian spirit {unknown}
Wands
 p - a wand of flame (13)
 t - a wand of paralysis (5)
 y - a wand of disintegration (13)
 A - a wand of random effects (24)
Scrolls
 b - 4 scrolls of teleportation
 d - 3 scrolls of identify
 e - a scroll of fog
 j - a scroll of random uselessness {unknown}
 l - 3 scrolls of remove curse
 m - 2 scrolls of amnesia {unknown}
 r - a scroll of enchant weapon {unknown}
 w - a scroll of immolation {unknown}
 C - 4 scrolls of magic mapping {unknown}
Potions
 f - a potion of heal wounds {unknown}
 k - 3 potions of flight
 n - 2 potions of berserk rage
 o - a potion of might
 v - 2 potions of curing
 x - a potion of ambrosia {unknown}
 D - a potion of mutation {unknown}
Comestibles
 c - 7 rations
 E - a chunk of flesh


   Skills:
 + Level 3.2(2.5) Fighting
 + Level 3.1(2.5) Dodging
 + Level 8.0(7.3) Unarmed Combat
 - Level 2.0(1.3) Spellcasting
 + Level 7.6(6.9) Transmutations
 + Level 2.6(2.0) Invocations


You had 3 spell levels left.
You knew the following spells:

 Your Spells              Type           Power        Failure   Level  Hunger
a - Beastly Appendage     Tmut           ###...       1%          1    ##.....
b - Sticks to Snakes      Tmut           ###.....     2%          2    ###....
c - Blade Hands           Tmut           ###.......   45%         5    ######.

Your spell library contained the following spells:

 Spells                   Type           Power        Failure   Level  Hunger
 Spider Form              Tmut/Pois      #.........   22%         3    ####...
 Ice Form                 Ice/Tmut       #.......     58%         4    #####..


Dungeon Overview and Level Annotations

Branches:
Dungeon (6/15)
 Temple: D:4-7

Altars:
Elyvilon
Fedhas
Gozag
Hepliaklqana
Makhleb
Qazlal
Ru
Uskayaw
Wu Jian
Yredelemnul
Zin


Innate Abilities, Weirdness & Mutations

You can breathe blasts of fire.
Your fiery red scales are hard. (AC +6)
You cannot fit into any form of body armour.
Your flesh is heat resistant. (rF+)
You are cold-blooded and may be slowed by cold attacks.


Message History

You feel as though you will be slow longer.
The wight freezes you.
* * * LOW HITPOINT WARNING * * *
You closely miss the wight.
The wight is moderately damaged.
The wight hits you with a +0 battleaxe!
* * * LOW HITPOINT WARNING * * *
The wight hits you but does no damage. x2; The wight barely misses you.
Unknown command.
You feel yourself speed up.
Okay, then.
Evoke which item? (* to show all) (? for menu, Esc to quit)
Okay, then.
Okay, then.
Evoke which item? (* to show all) (? for menu, Esc to quit)
Aiming: Paralyse
Press: ? - help, Shift-Dir - straight line, f - wight
Aim: a wight, wielding a +0 battleaxe and wearing a +0 robe (moderately The wight resists with some effort.
The wight hits you with a +0 battleaxe.
You die...

....)...##.#
####.##.##.#
###...#.##.#######
#...............#
##...####.#####.#
##.......# #.#
#.####### #.# #.#
#.# #+# #@# #z#
#z# #)# #...)#
+.......#
####....# ##.#.#
###.#


You could see 2 wights.

Vanquished Creatures
  Sigmund (D:6)
  Eustachio (D:5)
  A hornet zombie (D:5)
  A phantom (D:4)
  An ice beast (D:5)
  3 ogres
  A centaur (D:6)
  A bullfrog (D:4)
  3 wights (D:6)
  A quasit (D:6)
  A centaur skeleton (D:4)
  2 hounds
  2 orc priests
  3 orc wizards
  Ijyb (D:4)
  Terence (D:3)
  An iguana (D:5)
  Natasha (thrice) (D:2)
  4 worker ants
  A hound skeleton (D:5)
  A worker ant zombie (D:6)
  4 gnolls (D:5)
  4 adders
  4 oozes
  2 adder skeletons
  3 worms
  A dart slug (D:3)
  5 leopard geckos
  18 orcs
  2 ball pythons
  8 giant cockroaches
  2 goblins
  3 hobgoblins
  14 jackals
  3 quokkas
  9 bats
  11 frilled lizards
  9 kobolds
  A leopard gecko skeleton (D:5)
  11 rats
148 creatures vanquished.

Vanquished Creatures (collateral kills)
  Menkaure (D:4)
  An ice beast (D:5)
  A bullfrog zombie (D:5)
  An adder (D:2)
  An orc (D:5)
  A hobgoblin (D:3)
  A jackal (D:5)
  A bat (D:3)
  A frilled lizard (D:3)
9 creatures vanquished.

Grand Total: 157 creatures vanquished

Notes
Turn   | Place    | Note
-------+----------+-------------------------------------------
     0 | D:1      | HereIgoKillingAgain the Draconian Transmuter began the
                  | quest for the Orb.
     0 | D:1      | Reached XP level 1. HP: 16/16 MP: 3/3
   350 | D:1      | Reached XP level 2. HP: 23/23 MP: 5/5
   427 | D:1      | Learned a level 2 spell: Sticks to Snakes
  1174 | D:2      | Reached XP level 3. HP: 25/28 MP: 6/6
  1937 | D:2      | Found an ornate altar of the Wu Jian Council.
  2088 | D:2      | Reached skill level 4 in Unarmed Combat
  2125 | D:2      | Noticed Natasha
  2135 | D:2      | Killed Natasha
  2135 | D:2      | Reached XP level 4. HP: 15/35 MP: 5/7
  2408 | D:2      | Found an ornate altar of the Wu Jian Council.
  2546 | D:2      | Noticed Natasha
  2560 | D:2      | Killed Natasha
  2951 | D:2      | Noticed Natasha
  2959 | D:2      | Killed Natasha
  3180 | D:3      | Reached XP level 5. HP: 40/40 MP: 8/8
  3631 | D:3      | Noticed Terence
  3658 | D:3      | Killed Terence
  4051 | D:3      | Reached skill level 5 in Unarmed Combat
  4157 | D:4      | Reached XP level 6. HP: 16/47 MP: 9/9
  4429 | D:4      | Reached skill level 5 in Transmutations
  4477 | D:4      | Found a hazy altar of Hepliaklqana.
  4930 | D:4      | Found a stormy altar of Qazlal.
  4943 | D:4      | You fall through a shaft for 2 floors!
  4946 | D:5      | Entered Level 5 of the Dungeon
  5018 | D:5      | Reached skill level 6 in Unarmed Combat
  5018 | D:5      | Your scales start taking on a fiery red colour.
  5018 | D:5      | Reached XP level 7. HP: 52/52 MP: 8/10
  5018 | D:5      | Gained mutation: Your flesh is heat resistant. (rF+) [Red
                  | Draconian growth]
  5059 | D:5      | HP: 2/52 [hornet zombie (2)]
  5584 | D:5      | Reached skill level 7 in Unarmed Combat
  5796 | D:4      | Noticed Menkaure
  5801 | D:4      | Found a white marble altar of Elyvilon.
  5801 | D:4      | Found an opulent altar of Gozag.
  5801 | D:4      | Found a burning altar of Makhleb.
  5811 | D:4      | Reached XP level 8. HP: 23/59 MP: 9/11
  5833 | D:4      | Killed Menkaure
  5881 | D:4      | Got an encrusted quarterstaff
  5882 | D:4      | Identified the +8 quarterstaff "Piegiritt" {freeze, rF+ MR+
                  | Int-4 Dex+8} (You found it on level 4 of the Dungeon)
  6091 | D:4      | Found a hide-covered altar of Uskayaw.
  6091 | D:4      | Noticed Ijyb
  6263 | D:4      | Found a sacrificial altar of Ru.
  6263 | D:4      | Found a blossoming altar of Fedhas.
  6349 | D:4      | Killed Ijyb
  6457 | D:4      | Became a worshipper of Qazlal Stormbringer
  6467 | D:5      | Learned a level 5 spell: Blade Hands
  6558 | D:5      | Noticed Eustachio
  6566 | D:5      | Killed Eustachio
  6595 | D:5      | Reached skill level 1 in Invocations
  6758 | D:5      | Found a stormy altar of Qazlal.
  6967 | D:5      | Found a basalt altar of Yredelemnul.
  6967 | D:5      | Found a glowing silver altar of Zin.
  7458 | D:6      | Noticed Sigmund
  7465 | D:6      | Killed Sigmund
  7465 | D:6      | Reached skill level 8 in Unarmed Combat
  7498 | D:6      | Reached * piety under Qazlal
  7507 | D:6      | HP: 3/63 [wight/+0 battleaxe (12)]
  7510 | D:6      | Slain by a wight

Vault maps used:
D:1:      sevenhm_arrival_forest_fort_small_3, minmay_lizard_king
D:2:      nicolae_overflow_crystal_walls, kennysheep_minor_cross,
          grunt_decor_cap, uniq_natasha
D:3:      corexii_shack_village, kennysheep_cross_bottleneck, uniq_terence
D:4:      nicolae_overflow_quartered_altars, overflow_temple_1_default,
          amethyst_overflow_temple_binary, nicolae_qazlal_general_emergency,
          uniq_menkaure, uniq_ijyb
D:5:      kennysheep_mini_moat, gammafunk_temple_overflow_elements,
          first_ration, hangedman_decor_riveting, dk_noncrumbling_3,
          uniq_eustachio
D:6:      overflow_temple_1_default, uniq_sigmund

Skill      XL: |  1  2  3  4  5  6  7  8 |
---------------+-------------------------+-----
Transmutations | 3 4 5 6 7 |  7.6
Unarmed Combat | 4 5 6 7 8 |  8.0
Dodging        | 3 |  3.1
Fighting       | 3 |  3.2
Invocations    | 2 |  2.6
Spellcasting   | |  2.0

Action                   |  1- 3 |  4- 6 |  7- 9 || total
-------------------------+-------+-------+-------++-------
Melee: Unarmed           |   155 |   201 |   107 ||   463
       Tailslap          |    12 |    21 |    16 ||    49
       Kick              |     3 |    11 |     8 ||    22
       Punch             |     1 |     6 |     2 ||     9
       Headbutt          |       |    10 |     9 ||    19
       Quarterstaff      |       |       |    71 ||    71
 Cast: Beastly Appendage |     5 |    14 |     9 ||    28
       Sticks to Snakes  |     2 |     4 |    20 ||    26
 Abil: Breathe Fire      |       |       |     5 ||     5
Evoke: Wand              |       |     5 |     1 ||     6
  Use: Scroll            |       |     9 |       ||     9
       Potion            |       |       |     4 ||     4
 Stab: Distracted        |       |     1 |       ||     1
       Paralysed         |       |     5 |       ||     5
  Eat: Chunk             |     2 |     5 |     4 ||    11
       Ration            |     1 |     1 |     2 ||     4
Armor: Skin              |    54 |    54 |    68 ||   176
Dodge: Dodged            |   112 |   147 |   136 ||   395

Table legend:
 A = Non-vault XP
 B = Vault XP
 C = Vault XP percentage of total XP
 D = Non-vault monster count
 E = Vault monster count
 F = Vault count percentage of total count
                 A         B        C        D         E       F
            +---------+---------+-------+---------+---------+-------
      Total |    2108 |     601 |  22.2 |     138 |      19 |  12.1
            +---------+---------+-------+---------+---------+-------
        D:1 |      24 |       8 |  25.0 |      15 |       6 |  28.6
        D:2 |     123 |      35 |  22.2 |      22 |       1 |   4.3
        D:3 |      76 |      49 |  39.2 |      31 |       8 |  20.5
        D:4 |     616 |     122 |  16.5 |      18 |       2 |  10.0
        D:5 |     694 |     182 |  20.8 |      36 |       1 |   2.7
        D:6 |     575 |     205 |  26.3 |      16 |       1 |   5.9
            +---------+---------+-------+---------+---------+-------
